 Dungeon Crawl Stone Soup version 0.25.0-11-g1f837a76a1 (webtiles) character file.

Game seed: 8678556405462222881

36 mopl the Poker (level 3, -6/27 HPs)
             Began as a Demonspawn Gladiator on June 24, 2020.
             Mangled by a hobgoblin
             ... wielding a +0 war axe
              (8 damage)
             ... on level 2 of the Dungeon.
             The game lasted 00:00:56 (917 turns).

mopl the Poker (Demonspawn Gladiator)                Turns: 917, Time: 00:00:57

Health: -6/27      AC:  7    Str: 15    XL:     3   Next: 19%
Magic:  3/3        EV: 10    Int:  9    God:
Gold:   58         SH:  0    Dex: 14    Spells: 2/2 levels left

rFire    . . .     SeeInvis .   a - +0 trident
rCold    . . .     Gourm    .   (no shield)
rNeg     . . .     Faith    .   l - +0 scale mail
rPois    .         Spirit   .   c - +0 helmet
rElec    .         Reflect  .   (no cloak)
rCorr    .         Harm     .   (no gloves)
MR       .....                  (no boots)
Stlth    ..........             (no amulet)
HPRegen  0.09/turn              (no ring)
MPRegen  0.08/turn              (no ring)

@: no status effects
A: demonic guardian 1
a: no special abilities


You were on level 2 of the Dungeon.
You were not hungry.

You visited 1 branch of the dungeon, and saw 2 of its levels.

You collected 58 gold pieces.

Inventory:

Hand Weapons
 a - a +0 trident (weapon)
Missiles
 d - 3 throwing nets (quivered)
 m - 8 javelins
Armour
 c - a +0 helmet (worn)
 l - a +0 scale mail (worn)
Scrolls
 b - a scroll of magic mapping {unknown}
 e - 2 scrolls of identify {unknown}
 g - a scroll of blinking {unknown}
 j - a scroll of amnesia {unknown}
 k - a scroll of noise {unknown}
Potions
 h - a potion of brilliance {unknown}
Comestibles
 f - 3 rations
 i - 3 chunks of flesh


   Skills:
 - Level 2.0 Fighting
 + Level 4.0 Polearms
 - Level 1.7 Throwing
 - Level 2.6 Dodging


You had 2 spell levels left.
You didn't know any spells.
Your spell library was empty.

Dungeon Overview and Level Annotations

Branches:
Dungeon (2/15)

Altars:
Ashenzari

Annotations:
D:1 rf


Innate Abilities, Weirdness & Mutations

A weak demonic guardian rushes to your aid.


Message History

The hobgoblin hits you with a +0 war axe.
* * * LOW HITPOINT WARNING * * *
You closely miss the hobgoblin. You hit the hobgoblin.
The hobgoblin is moderately wounded.
The hobgoblin closely misses you.
You hit the hobgoblin but do no damage.
The hobgoblin is moderately wounded.
The hobgoblin barely misses you.
You closely miss the hobgoblin.
The hobgoblin is moderately wounded.
The hobgoblin barely misses you.
You hit the hobgoblin.
The hobgoblin is severely wounded.
The hobgoblin hits you with a +0 war axe.
* * * LOW HITPOINT WARNING * * *
Your scale mail prevents you from hitting the hobgoblin.
The hobgoblin is severely wounded.
The hobgoblin hits you with a +0 war axe!
You die...

#.#####..####
#........#
#######.##
#........#
#.#####..# #.
#..# #. ###.(###
#.##.###...(..#
#....@(..#...#.#
#..#g####........
# #r ....#.### ..
.>....## ...
.#.#### #.#.
#.#.# #.#. .#
.$.. +#


You could see a hobgoblin and a rat.

Vanquished Creatures
  An adder (D:2)
  A worm (D:2)
  2 dart slugs (D:1)
  2 bats (D:1)
  A giant cockroach (D:2)
  3 goblins
  3 hobgoblins (D:1)
  2 frilled lizards (D:1)
  2 kobolds (D:1)
  2 rats (D:1)
19 creatures vanquished.

Vanquished Creatures (others)
  A rat (D:1)
1 creature vanquished.

Grand Total: 20 creatures vanquished

Notes
Turn   | Place    | Note
-------+----------+-------------------------------------------
     0 | D:1      | mopl the Demonspawn Gladiator began the quest for the Orb.
     0 | D:1      | Reached XP level 1. HP: 16/16 MP: 1/1
   135 | D:1      | Reached skill level 3 in Polearms
   191 | D:1      | Gained mutation: A weak demonic guardian rushes to your
                  | aid. [demonic ancestry]
   191 | D:1      | Reached XP level 2. HP: 22/22 MP: 2/2
   808 | D:2      | Found a shattered altar of Ashenzari.
   830 | D:2      | Reached XP level 3. HP: 24/27 MP: 3/3
   900 | D:2      | Reached skill level 4 in Polearms
   917 | D:2      | Mangled by a hobgoblin

Illustrated notes

Levels and vault maps discovered:
D:1:      heliophobic_arrival_glass_houses, layout_basic, serial_glass,
          glass_columns_a, glass_columns_b, glass_columns_c, lemuel_flame_loot_1
D:2:      layout_loops_corners, lemuel_round_altar, lemuel_round_altar,
          ashenzari_altar_1, zin_statuary, first_ration, hangedman_decor_push

Skill      XL: |  1  2  3 |
---------------+----------+-----
Polearms       | 3 4 |  4.0
Fighting       | |  2.0
Throwing       | |  1.7
Dodging        | |  2.6

Action                   || total
-------------------------++-------
Melee: Trident           ||    65
 Stab: Sleeping          ||     1
Armor: Leather armour    ||     6
       Scale mail        ||     6
Dodge: Dodged            ||    34
